 Dungeon Crawl Stone Soup version 0.30-a0-476-g330ca2eb8e (webtiles) character file.

Game seed: 1990873183387399693

104 bande the Covered (level 4, 0/29 HPs)
             Began as a Gargoyle Fighter on Dec 22, 2022.
             Slain by a ball python (1 damage)
             ... on level 3 of the Dungeon.
             The game lasted 00:02:52 (1637 turns).

bande the Covered (Gargoyle Fighter)                Turns: 1637, Time: 00:02:53

Health: 0/29       AC: 13    Str: 25    XL:     4   Next: 80%
Magic:  0/4        EV:  7    Int:  9    God:
Gold:   132        SH:  4    Dex: 11    Spells: 3/3 levels left

rFire   . . .      SeeInvis .    a - +0 war axe
rCold   . . .      Faith    .    c - +0 buckler
rNeg    + . .      Spirit   +    m - +0 chain mail
rPois   ∞          Reflect  .    (no helmet)
rElec   +          Harm     .    (no cloak)
rCorr   .          Rampage  .    (no gloves)
Will    .....                    (no boots)
Stlth   ..........               k - amulet of guardian spirit
HPRegen 0.24/turn                n - +6 ring of strength
MPRegen 0.09/turn                (no ring)

@: no status effects
A: sickness immunity, AC +3, negative energy resistance 1, electricity
resistance, torment resistance 1, petrification resistance
a: no special abilities


You were on level 3 of the Dungeon.
You visited 1 branch of the dungeon, and saw 3 of its levels.

You collected 132 gold pieces.

Inventory:

Hand Weapons
 a - a +0 war axe (weapon)
 o - a +0 war axe
Armour
 c - a +0 buckler (worn)
 m - a +0 chain mail (worn)
Jewellery
 k - an amulet of guardian spirit (around neck)
 n - a +6 ring of strength (left hand)
Scrolls
 e - 3 scrolls of identify {unknown}
 f - 2 scrolls of fog {unknown}
 j - a scroll of enchant armour {unknown}
 l - a scroll of poison {unknown}
Potions
 b - a potion of brilliance {unknown}
 d - a potion of might
 g - a potion of haste {unknown}
 h - a potion of heal wounds {unknown}
 i - 2 potions of berserk rage {unknown}


   Skills:
 + Level 3.8 Fighting
 + Level 3.2 Axes
 + Level 3.9 Armour
 + Level 3.7 Shields


You had 3 spell levels left.
You didn't know any spells.
Your spell library contained the following spells:

 Spells                   Type           Power      Damage    Failure   Level
 Blade Hands              Tmut           0%         N/A       100%        5
 Irradiate                Conj/Tmut      0%         3d11      100%        5
 Dragon Form              Tmut           0%         N/A       100%        7


Dungeon Overview and Level Annotations

Branches:
Dungeon (3/15)

Altars:


Innate Abilities, Weirdness & Mutations

You are immune to sickness and miasma.
Your stone body is resilient. (AC +3)
You are immune to poison.
You resist negative energy. (rN+)
You are resistant to electric shocks. (rElec)
You are resistant to unholy torment.
You are immune to petrification.


Message History

A giant cockroach comes into view.
You barely miss the orc.
The orc priest shouts!
An orc comes into view. It is wielding a +0 hand axe.
The orc closely misses you.
A ball python comes into view.
The orc hits you with a +0 whip.
The orc shouts!
You hit the orc but do no damage. You barely miss the orc.
You completely miss the orc. The orc hits you but does no damage.
The orc barely misses you. The orc hits you but does no damage.
An adder comes into view.
You barely miss the orc. x2; You hit the orc.
The orc hits you but does no damage. The orc closely misses you.
The orc priest calls down the wrath of Beogh upon you.
Beogh smites you! The orc barely misses you.
You hit the orc but do no damage.
The orc is moderately wounded.
You slash the orc!
You kill the orc!
You closely miss the orc. You barely miss the orc.
The orc hits you but does no damage. The orc barely misses you. x2
The orc hits you but does no damage.
The orc hits you with a +0 flail of holy wrath.
The orc hits you but does no damage. The orc hits you with a +0 whip.
You slash the orc!
You kill the orc!
You slash the orc!
You kill the orc!
You slash the orc!
You kill the orc!
You barely miss the orc. The orc hits you but does no damage.
The giant cockroach bites you but does no damage.
The adder bites you but does no damage. You block the orc's attack.
The orc hits you but does no damage.
The orc priest mumbles some strange prayers to Beogh against you.
Beogh smites you!
* * * LOW HITPOINT WARNING * * *
The ball python bites you.
You die...

......#.....###'#......#
......#.#.#.##..#......#
†.....#'###+##.##......#
..................######
...............####
...............#########
........................
.................B......
.........>.....o@o......
...............SSo......
##########..............
#..............
#..............
#..............
#..............
#..............


You could see an orc priest, an adder, 2 orcs, a giant cockroach and a ball
python.

Vanquished Creatures
  3 adders
  A worm (D:2)
  3 dart slugs
  5 orcs (D:3)
  3 endoplasms
  3 giant cockroaches
  6 goblins
  7 hobgoblins
  3 jackals (D:3)
  2 kobolds (D:1)
  5 quokkas
  4 ball pythons
  6 bats
  A frilled lizard (D:1)
  6 rats
58 creatures vanquished.

Notes
Turn   | Place    | Note
-------+----------+-------------------------------------------
     0 | D:1      | bande the Gargoyle Fighter began the quest for the Orb.
     0 | D:1      | Reached XP level 1. HP: 14/14 MP: 1/1
    97 | D:1      | Reached XP level 2. HP: 19/19 MP: 2/2
   430 | D:1      | Reached XP level 3. HP: 24/24 MP: 3/3
   860 | D:2      | You fall into a shaft and drop 1 floor!
  1065 | D:2      | Reached XP level 4. HP: 29/29 MP: 2/4
  1637 | D:3      | HP: 1/29 [orc priest/divine providence (12)]
  1637 | D:3      | Slain by a ball python

Illustrated notes

Levels and vault maps discovered:
D:1:      saegor_arrival_fortress, layout_rooms
D:2:      layout_loops_cross
D:3:      layout_basic, serial_curves, eino_curves_04, eino_curves_03,
          eino_curves_04

Skill      XL: |  1  2  3  4 |
---------------+-------------+-----
Axes           | 2 3 |  3.2
Fighting       | |  3.8
Armour         | |  3.9
Shields        | |  3.7

Action                   |  1- 3 |  4- 6 || total
-------------------------+-------+-------++-------
Melee: War axe           |   129 |    38 ||   167
Armor: Scale mail        |    35 |       ||    35
       Chain mail        |    39 |    26 ||    65
Dodge: Dodged            |    60 |    25 ||    85
Block: Buckler           |    30 |     8 ||    38

Table legend: (Time is in decaauts)
 A = Elapsed time spent in this place.
 B = Non-inter-level travel time spent in this place.
 C = Inter-level travel time spent in this place.
 D = Time resting spent in this place.
 E = Time spent auto-exploring this place.
 F = Levels seen in this place.
 G = Mean time per level.
                   A        B        C        D        E       F      G
               +--------+--------+--------+--------+--------+-----+--------+
         Total |   1707 |   1655 |     52 |      0 |   1214 |   3 |  569.0 |
       Dungeon |   1707 |   1655 |     52 |      0 |   1214 |   3 |  569.0 |
               +--------+--------+--------+--------+--------+-----+--------+

Top non-repeatable levels by time:
     D:1: 676 daAuts
     D:2: 666 daAuts
     D:3: 365 daAuts
